 Dungeon Crawl Stone Soup version 0.18.1-48-g4cf74bf (webtiles) character file.

229 Mechanique the Magician (level 5, 0/35 HPs)
             Began as a Mummy Wizard on Aug 29, 2016.
             Was an Initiate of Sif Muna.
             Slain by a killer bee (1 damage)
             ... on level 4 of the Dungeon.
             The game lasted 00:27:50 (5127 turns).

Mechanique the Magician (Mummy Wizard)              Turns: 5127, Time: 00:27:51

Health: 0/35       AC: 12    Str: 11    XL:     5   Next: 71%
Magic:  5/12       EV: 10    Int: 18    God:    Sif Muna [......]
Gold:   131        SH:  0    Dex: 10    Spells: 4 memorised, 5 levels left

rFire  x . .     SeeInvis .     m - -3 spear (curse)
rCold  + . .     Gourm    .     j - +0 ring mail (curse)
rNeg   + + +     Faith    .     (no shield)
rPois  ∞         Spirit   .     d - +2 helmet
rElec  .         Dismiss  .     f - +0 cloak (curse)
rCorr  .         Reflect  .     e - +2 pair of gloves
SustAt .         Harm     .     (no boots)
MR     .....                    (no amulet)
Stlth  +.........               (no ring)
                                (no ring)

@: very slightly contaminated, not resistant to hostile enchantments, very
unstealthy
A: no food or potions, fire vulnerability, cold resistance 1, negative energy
resistance 3, torment resistance, unbreathing
a: Renounce Religion


You were on level 4 of the Dungeon.
You worshipped Sif Muna.
Sif Muna was noncommittal.
You were not hungry.

You visited 1 branch of the dungeon, and saw 4 of its levels.

You collected 131 gold pieces.

Inventory:

Hand Weapons
 k - a +0 dagger
 m - a cursed -3 spear (weapon)
Armour
 a - a +0 robe
 b - a +0 hat
 d - a +2 helmet (worn)
 e - a +2 pair of gloves (worn)
 f - a cursed +0 cloak (worn)
 g - a +1 chain mail of magic resistance
 h - a +1 helmet
 i - a +1 helmet
 j - a cursed +0 ring mail (worn)
Books
 c - a book of Minor Magic

   Spells                             Type                      Level
   a - Magic Dart                     Conjuration                  1
   b - Blink                          Translocation                2
   c - Call Imp                       Summoning                    2
   d - Repel Missiles                 Charms/Air                   2
   e - Slow                           Hexes                        2
   f - Conjure Flame                  Conjuration/Fire             3
   g - Mephitic Cloud                 Conjuration/Poison/Air       3


   Skills:
 - Level 2.0 Dodging
 - Level 1.5 Stealth
 + Level 4.7 Spellcasting
 + Level 2.9 Conjurations
 - Level 1.0 Summonings
   Level 0.7 Translocations
 - Level 0.1 Air Magic


You had 5 spell levels left.
You knew the following spells:

 Your Spells              Type           Power        Failure   Level  Hunger
a - Magic Dart            Conj           ###.         12%         1    N/A
b - Call Imp              Summ           #.......     34%         2    N/A
c - Mephitic Cloud        Conj/Pois/Air  #.......     73%         3    N/A
d - Repel Missiles        Chrm/Air       #.....       56%         2    N/A

Dungeon Overview and Level Annotations

Branches:
Dungeon (4/15)
 Temple: D:4-7

Altars:
Sif Muna
Trog


Innate Abilities, Weirdness & Mutations

You do not eat or drink.
Your flesh is vulnerable to fire.
You are immune to poison.
Your flesh is cold resistant.
You are immune to negative energy.
You are immune to unholy pain and torment.
You can survive without breathing.


Message History

The killer bee stings you but does no damage.
The killer bee stings you.
* * * LOW HITPOINT WARNING * * *
Casting: Magic Dart
Confirm with . or Enter, or press ? or * to list all spells.
You miscast Call Imp.
The world appears momentarily distorted.
The killer bee stings you but does no damage.
The killer bee barely misses you.
Casting: Call Imp
Confirm with . or Enter, or press ? or * to list all spells.
Aiming: Magic Dart
Press: ? - help, Shift-Dir - straight line, f/p - killer bee
Aim: a killer bee (moderately wounded)
The magic dart hits the killer bee.
The killer bee is heavily wounded.
The killer bee stings you.
* * * LOW HITPOINT WARNING * * *
The killer bee stings you.
You die... # .# .. #.#####.# #....@y.# #########

You could see a killer bee.

Vanquished Creatures
  Ijyb (D:2)
  A worker ant (D:3)
  5 adders
  A gnoll (D:3)
  An ooze (D:3)
  3 dart slugs
  2 giant geckos
  3 orcs (D:3)
  2 ball pythons
  6 bats
  2 giant cockroaches
  7 goblins
  7 hobgoblins
  8 jackals
  A quokka (D:2)
  3 giant newts (D:2)
  A jackal zombie (D:3)
  6 kobolds
  8 rats
68 creatures vanquished.

Vanquished Creatures (collateral kills)
  A giant frog skeleton (D:3)
  An orc priest (D:3)
  A worm (D:3)
  An orc (D:3)
  5 jackals (D:2)
9 creatures vanquished.

Grand Total: 77 creatures vanquished

Notes
Turn   | Place    | Note
--------------------------------------------------------------
     0 | D:1      | Mechanique the Mummy Wizard began the quest for the Orb.
     0 | D:1      | Reached XP level 1. HP: 13/13 MP: 4/4
    46 | D:1      | Reached skill level 1 in Conjurations
   241 | D:1      | Reached XP level 2. HP: 11/19 MP: 0/6
   372 | D:1      | Learned a level 2 spell: Call Imp
  1260 | D:1      | Reached skill level 1 in Summonings
  1506 | D:1      | Reached XP level 3. HP: 24/24 MP: 5/7
  1511 | D:1      | Learned a level 3 spell: Mephitic Cloud
  1514 | D:1      | Learned a level 2 spell: Repel Missiles
  2391 | D:2      | Noticed Ijyb
  2421 | D:2      | Killed Ijyb
  2550 | D:2      | Found a bloodstained altar of Trog.
  2611 | D:2      | Reached XP level 4. HP: 27/30 MP: 5/9
  2820 | D:2      | Found a faded altar to an unknown god.
  3618 | D:3      | Reached skill level 4 in Spellcasting
  3981 | D:3      | Reached XP level 5. HP: 35/35 MP: 1/11
  4338 | D:3      | Found a deep blue altar of Sif Muna.
  4353 | D:3      | Became a worshipper of Sif Muna the Loreminder
  5127 | D:4      | HP: 1/35 [killer bee (3)]
  5127 | D:4      | Slain by a killer bee

Skill      XL: |  1  2  3  4 |
---------------+-------------+-----
Conjurations   | 1 2 |  2.9
Summonings     | 1 |  1.0
Dodging        | 2 |  2.0
Spellcasting   | 4 |  4.7
Stealth        | |  1.5
Translocations | |  0.7
Air Magic      | |  0.1

Action                   |  1- 3 |  4- 6 || total
-------------------------+-------+-------++-------
Melee: Club              |    27 |       ||    27
       Unarmed           |    22 |       ||    22
       Dagger            |    10 |       ||    10
       Spear             |     5 |    82 ||    87
 Cast: Magic Dart        |    94 |    99 ||   193
       Call Imp          |     4 |    11 ||    15
  Use: Scroll            |     3 |     3 ||     6
Armor: Robe              |    29 |       ||    29
       Ring mail         |       |   105 ||   105
Dodge: Dodged            |    61 |   102 ||   163
